[Event "Early-Titled-Tuesday-Blitz-March-19-2024"]
[Site "Chess.com"]
[Date "2024.03.19"]
[Round "9"]
[White "Barbix1"]
[Black "Incognizance"]
[Result "1-0"]
[WhiteElo "2279"]
[BlackElo "1897"]
[TimeControl "180+1"]
[EndTime "9:44:38 PDT"]
[Termination "Barbix1 won by checkmate"]

1. d4 Nf6 2. c4 e6 3. Nf3 b6 4. g3 Bb7 5. Bg2 Bb4+ 6. Bd2 Be7 7. O-O O-O 8. Nc3 c5 9. d5 exd5 10. Nh4 Ne4 11. Nf5 Nxd2 12. Qxd2 Bg5 13. f4 Bf6 14. Bxd5 Nc6 15. e4 g6 16. Nd6 Bd4+ 17. Kg2 Qb8 18. Nxb7 Qxb7 19. e5 Qc8 20. Ne4 Rb8 21. Nf6+ Kg7 22.
f5 Bxe5 23. Ng4 Bd4 24. Qh6+ Kg8 25. f6 Bxf6 26. Nxf6+ Kh8 27. Qxh7# 1-0

[Event "Early-Titled-Tuesday-Blitz-March-19-2024"]
[Site "Chess.com"]
[Date "2024.03.19"]
[Round "9"]
[White "Janh4"]
[Black "chessjazda"]
[Result "1-0"]
[WhiteElo "2163"]
[BlackElo "2280"]
[TimeControl "180+1"]
[EndTime "9:44:38 PDT"]
[Termination "Janh4 won by checkmate"]

1. d4 d6 2. Nc3 c6 3. Bf4 Nd7 4. e3 Qa5 5. Nf3 e5 6. dxe5 dxe5 7. Bg3 Bb4 8. Qd2 Ne7 9. Bc4 O-O 10. O-O b5 11.
Bb3 Ng6 12. Rfd1 Bxc3 13. bxc3 Re8 14. Ng5 Re7 15. Qd6 Qb6 16. h4 c5 17. Bxf7+ Kf8 18.
Bxg6 Qxd6 19. Nxh7+ Kg8 20. Rxd6 a5 21. Rad1 Ra7 22. h5 b4 23. Bh4 Rf7 24. Bxf7+ Kxf7 25. Ng5+ Ke7 26. Ne6+ Kf7 27. Nd8+ Ke8 28. Nc6 Rc7 29. Nxa5 bxc3 30. Nc4 Bb7 31. f3 e4 32. f4 Bc8 33.
Ne5 Nf6 34. Bxf6 gxf6 35. Rxf6 Rh7 36. h6 Ke7 37. Rdd6 Ke8 38. Nc6 Ra7 39. Rd8# 1-0

[Event "Early-Titled-Tuesday-Blitz-March-19-2024"]
[Site "Chess.com"]
[Date "2024.03.19"]
[Round "9"]
[White "bubeliang"]
[Black "Sam_ChessMood"]
[Result "0-1"]
[WhiteElo "2803"]
[BlackElo "2947"]
[TimeControl "180+1"]
[EndTime "9:44:39 PDT"]
[Termination "Sam_ChessMood won by resignation"]

1. d4 Nf6 2. Nc3 d5 3. Bf4 a6 4. e3 b5 5. Nf3 Nbd7 6. Ne5 Bb7 7. a3 e6 8. Bd3 c5 9. dxc5 Bxc5 10. O-O O-O 11. Qf3 Nxe5 12. Bxe5 Bd6 13. Bxf6 Qxf6 14. Qxf6 gxf6 15. e4 d4 16. Ne2 Bc5 17. f4 Rac8 18.
f5 e5 19. Rf3 Rfd8 20. Raf1 Bxe4 21. Rh3 Bxd3 22. cxd3 e4 23. Nf4 e3 24. Nh5 Be7 25. Rg3+ Kh8 26. Rg7 Rf8 27. h3 b4 28. Rf4 Rc1+ 29.
Kh2 e2 30. Rxh7+ Kxh7 31. Ng3 Rg8 32. Nxe2 Bd6 0-1

[Event "Early-Titled-Tuesday-Blitz-March-19-2024"]
[Site "Chess.com"]
[Date "2024.03.19"]
[Round "9"]
[White "Dr_Pepper18"]
[Black "vladgoncharov"]
[Result "0-1"]
[WhiteElo "2420"]
[BlackElo "2611"]
[TimeControl "180+1"]
[EndTime "9:44:39 PDT"]
[Termination "vladgoncharov won by resignation"]

1. d4 Nf6 2. Nf3 e6 3. c4 d5 4. g3 c5 5. cxd5 exd5 6. Bg2 Nc6 7. O-O Be7 8. Nc3 c4 9. Ne5 O-O 10. f4 Qb6 11. e3 Rd8 12. b3 cxb3 13. Qxb3 Qxb3 14. axb3 Nb4 15. Bd2 Bf5 16. h3 h5 17.
Kh2 a5 18. Bf3 b6 19. g4 hxg4 20. hxg4 Bc2 21. g5 Ne4 22. Nxe4 dxe4 23. Bd1 Rac8 24.
Rc1 Bd3 25. Rg1 Rxc1 26. Bxc1 Rc8 27. Bd2 Bc2 28. Nc4 Bxd1 29. Rxd1 Nd3 30. Nxb6 Rc2 31. Nc4 a4 32. Kg1 axb3 33. Rb1 Rxc4 0-1

[Event "Early-Titled-Tuesday-Blitz-March-19-2024"]
[Site "Chess.com"]
[Date "2024.03.19"]
[Round "9"]
[White "Boundless_Strike"]
[Black "kassablanca"]
[Result "1-0"]
[WhiteElo "2641"]
[BlackElo "2758"]
[TimeControl "180+1"]
[EndTime "9:44:41 PDT"]
[Termination "Boundless_Strike won by resignation"]

1. d4 d5 2. e4 dxe4 3. Nc3 Nf6 4. f3 exf3 5. Nxf3 g6 6. Bf4 Bg7 7. Qd2 O-O 8. O-O-O Bg4 9. Be2 c6 10. h3 Bxf3 11.
Bxf3 e6 12. g4 Nd5 13. Be5 Nxc3 14. Qxc3 Bxe5 15. dxe5 Qh4 16. Kb1 a5 17. Qb3 Qe7 18. a3 a4 19. Qc3 Nd7 20. h4 Rfd8 21. h5 Qg5 22. hxg6 hxg6 23. Rd2 Nb6 24. Rdh2 Kf8 25. Qc5+ Ke8 26. Qxb6 Rab8 27. Rh8+ Ke7 28. Qc5+ Kd7 29. Rd1+ Kc7 30. Qa5+ b6 31. Qa7+ Rb7 32. Rhxd8 Qxd8 33. Qxb7+ 1-0

[Event "Early-Titled-Tuesday-Blitz-March-19-2024"]
[Site "Chess.com"]
[Date "2024.03.19"]
[Round "9"]
[White "talaicito"]
[Black "nabukatnezarr"]
[Result "1-0"]
[WhiteElo "2327"]
[BlackElo "2567"]
[TimeControl "180+1"]
[EndTime "9:44:43 PDT"]
[Termination "talaicito won by resignation"]

1. d4 Nf6 2. Nc3 d5 3. Bf4 a6 4.
e3 Bg4 5. f3 Bh5 6. g4 Bg6 7. h4 h6 8. h5 Bh7 9. Bd3 Bxd3 10.
Qxd3 e6 11. Nge2 Nbd7 12. O-O-O c5 13. e4 cxd4 14. Nxd4 dxe4 15. Nxe4 Nxe4 16. Qxe4 Qc8 17. Nxe6 fxe6 18. Qxe6+ Kd8 19. Rxd7+ Qxd7 20. Rd1 Qxd1+ 21. Kxd1 Rc8 22. Qd5+ Ke8 23. Qxb7 Rd8+ 24. Kc1 Be7 25.
Qxa6 Rf8 26. Bc7 Bg5+ 27. f4 Rxf4 28. Qe6+ Kf8 29. Bd6+ Rxd6 30. Qxd6+ Kg8 31. Kd1 Rf2 32. a4 Bf6 33. a5 Rf1+ 34. Ke2 Ra1 35. b4 Kh8 36. a6 Kh7 37. b5 Ra5 38. b6 Rxa6 39. Qd3+ 1-0

[Event "Early-Titled-Tuesday-Blitz-March-19-2024"]
[Site "Chess.com"]
[Date "2024.03.19"]
[Round "9"]
[White "SharapovEvgeny"]
[Black "Rurep26"]
[Result "0-1"]
[WhiteElo "2570"]
[BlackElo "2730"]
[TimeControl "180+1"]
[EndTime "9:44:44 PDT"]
[Termination "Rurep26 won by resignation"]

1. e4 e6 2. d4 d5 3. Nc3 Bb4 4.
e5 c5 5. a3 Bxc3+ 6. bxc3 Qc7 7.
Nf3 b6 8. a4 Ba6 9. Bb5+ Bxb5 10. axb5 a5 11. bxa6 Rxa6 12. Rxa6 Nxa6 13. O-O Ne7 14.
Bg5 Nc6 15. Qd3 Nab8 16. Qb5 Nd7 17. Ra1 O-O 18. Be3 cxd4 19. cxd4 Na5 20. Bd2 Nc6 21. h3 h6 22. c4 dxc4 23. Qxc4 Rc8 24. Rc1 Qb7 25. Qb3 Ne7 26. Rxc8+ Qxc8 27. Bb4 Nd5 28.
Bd6 Qc1+ 29. Kh2 Qf4+ 30. Kg1 Qc1+ 31. Kh2 Qc6 32. Nd2 b5 33. f3 N7b6 34. Ne4 b4 35.
Bc5 Qa4 36. Qb1 Nc4 37. Nd6 Nce3 38. f4 b3 39. f5 Qa2 40. Qe4 Qxg2+ 41. Qxg2 Nxg2 42.
fxe6 fxe6 43. Nc4 Nge3 44. Nb2 Nc3 45. Kg3 Ncd1 46. Nc4 Nxc4 0-1

[Event "Early-Titled-Tuesday-Blitz-March-19-2024"]
[Site "Chess.com"]
[Date "2024.03.19"]
[Round "9"]
[White "Jojo_898"]
[Black "aistrel"]
[Result "0-1"]
[WhiteElo "2488"]
[BlackElo "2652"]
[TimeControl "180+1"]
[EndTime "9:44:44 PDT"]
[Termination "aistrel won by resignation"]

1. e4 c6 2. d4 d5 3. Nc3 dxe4 4. Nxe4 Nf6 5. Ng3 h5 6. h4 Bg4 7. Be2 Qc7 8. Bg5 Nbd7 9. Qd2 e6 10. Bf4 Bd6 11.
Bxd6 Qxd6 12. O-O-O O-O-O 13. Nf3 Bxf3 14. Bxf3 g6 15. Kb1 e5 16. Qc3 Rhe8 17. d5 e4 18. dxc6 Qxc6 19. Qxc6+ bxc6 20. Be2 Ne5 21. Rhe1 Kc7 22.
Kc1 Rd5 23. a3 Red8 24. c4 Rxd1+ 25. Rxd1 Rxd1+ 26. Kxd1 c5 27. Kd2 a5 28. Ke3 Neg4+ 29. Bxg4 Nxg4+ 30. Kxe4 Nxf2+ 31. Kd5 Nd3 32. Ne4 Nf4+ 33.
Kxc5 Nxg2 34. b4 axb4 35. axb4 Nxh4 36. b5 Nf5 37. Ng5 h4 38. b6+ Kb7 39. Nxf7 h3 40.
Nd8+ Kc8 41. b7+ Kc7 42. Kb5 h2 43. Ka6 h1=Q 44. Ne6+ Kb8 45. Nc5 Qc6+ 0-1

[Event "Early-Titled-Tuesday-Blitz-March-19-2024"]
[Site "Chess.com"]
[Date "2024.03.19"]
[Round "9"]
[White "MagnusCarlsen"]
[Black "AnishOnYoutube"]
[Result "1-0"]
[WhiteElo "3265"]
[BlackElo "3045"]
[TimeControl "180+1"]
[EndTime "9:44:46 PDT"]
[Termination "MagnusCarlsen won by resignation"]

1. g3 d5 2. d4 Nf6 3. Nf3 g6 4. Bg2 Bg7 5. O-O O-O 6. b3 c5 7. Bb2 cxd4 8. Nxd4 e5 9. Nf3 e4 10. Nd4 Re8 11. e3 h5 12. c4 dxc4 13. bxc4 Nc6 14.
Nxc6 bxc6 15. Qxd8 Rxd8 16. Bd4 Bf5 17. Nc3 Re8 18.
Rfd1 a5 19. Rab1 Rac8 20. h3 Nd7 21. Rb7 Bxd4 22. exd4 Nf6 23. Ra7 e3 24. Rxa5 Rb8 25. Re5 exf2+ 26. Kxf2 Rxe5 27. dxe5 Rb2+ 28. Kg1 Nd7 29. Re1 Rc2 30. Ne4 Bxe4 31. Rxe4 Rxa2 32. e6 fxe6 33. Rxe6 Kf7 34. Rxc6 Ra1+ 35. Kh2 Ra2 36. Kg1 Ra1+ 37. Bf1 Ne5 38. Rc7+ Ke6 39. Kf2 Ra2+ 40. Be2 Kf5 41. Ke3 Ra3+ 42. Kd4 Rxg3 43. Rc5 Rxh3 44. Rxe5+ Kf6 45. c5 1-0

[Event "Early-Titled-Tuesday-Blitz-March-19-2024"]
[Site "Chess.com"]
[Date "2024.03.19"]
[Round "9"]
[White "Jumbo"]
[Black "Jospem"]
[Result "0-1"]
[WhiteElo "2889"]
[BlackElo "3064"]
[TimeControl "180+1"]
[EndTime "9:44:46 PDT"]
[Termination "Jospem won by resignation"]

1. Nf3 c5 2. g3 Nc6 3. Bg2 g6 4.
O-O Bg7 5. e3 e5 6. c4 Nge7 7.
Nc3 O-O 8. a3 d6 9. Rb1 a5 10.
d3 Bf5 11. h3 Qd7 12. Kh2 h6 13. Nh4 Be6 14. f4 exf4 15. gxf4 f5 16. Nd5 Rae8 17. Qe1 Bf7 18. Qg3 Kh7 19. Bd2 Nxd5 20. cxd5 Ne7 21. e4 a4 22. Bc3 Rg8 23. Nf3 Rgf8 24. Bxg7 Kxg7 25. b4 c4 26. Nh4 cxd3 27. Qxd3 Kh7 28.
Rfe1 Rc8 29. Rbd1 b5 30. e5 dxe5 31. fxe5 Rc4 32. e6 Qd6+ 33. Qg3 f4 34. Qf3 Be8 35. Re4 Rxe4 36. Qxe4 f3+ 37. Kg1 fxg2 38. Nxg2 Bc6 39. Qh4 Bxd5 40. Re1 Bxg2 0-1

[Event "Early-Titled-Tuesday-Blitz-March-19-2024"]
[Site "Chess.com"]
[Date "2024.03.19"]
[Round "9"]
[White "adotand"]
[Black "the_chess_child"]
[Result "1-0"]
[WhiteElo "3005"]
[BlackElo "2868"]
[TimeControl "180+1"]
[EndTime "9:44:47 PDT"]
[Termination "adotand won by checkmate"]

1. e4 c5 2. Nf3 e6 3. d4 cxd4 4. Nxd4 Nf6 5. Nc3 Nc6 6. a3 d6 7. Be3 Be7 8. Qe2 O-O 9. O-O-O a6 10. Rg1 Qc7 11. g4 Nxd4 12. Bxd4 b5 13. g5 Nd7 14.
Kb1 Rb8 15. Rg3 Ne5 16. Qh5 b4 17. axb4 Rxb4 18. Rh3 h6 19. gxh6 g6 20. h7+ Kh8 21.
Qh6 Rd8 22. Be2 Bf6 23. Qe3 Rxd4 24. Qxd4 Bg7 25. f4 Nc6 26. Qd2 e5 27. Nd5 Qa7 28.
f5 gxf5 29. exf5 Bxf5 30. Rg3 Bg6 31. h4 Rb8 32. h5 Qb7 33. Qc1 e4 34. Nc3 Be5 35.
hxg6 Bxg3 36. g7+ Kxh7 37. Rh1+ Kg8 38. Rh8+ Kxg7 39. Qh6# 1-0

[Event "Early-Titled-Tuesday-Blitz-March-19-2024"]
[Site "Chess.com"]
[Date "2024.03.19"]
[Round "9"]
[White "Saxar85"]
[Black "Barmen_EV"]
[Result "1-0"]
[WhiteElo "2733"]
[BlackElo "2572"]
[TimeControl "180+1"]
[EndTime "9:44:48 PDT"]
[Termination "Saxar85 won by resignation"]

1. e4 c5 2. Nf3 Nc6 3. d4 cxd4 4. Nxd4 e5 5. Nb5 d6 6. c4 Be6 7. N1c3 a6 8. Na3 Nf6 9. Nc2 g6 10. Be2 Bg7 11. O-O O-O 12. Be3 Rc8 13. Rc1 Qa5 14. Qd2 Rfd8 15. Rfd1 Rd7 16. f3 Nb4 17. Nd5 Bxd5 18.
exd5 Nxc2 19. Qxa5 Nxe3 20. Re1 Bh6 21. c5 Nexd5 22. c6 bxc6 23. Qxa6 Rdc7 24. Rcd1 e4 25. Bc4 exf3 26. gxf3 Ne3 27. Rxd6 Nfd5 28. Rd7 Bf4 29.
Rxc7 Rxc7 30. Bxd5 cxd5 31. Qf6 Rc4 32. b3 Rb4 33. a3 Rxb3 34. Qxf4 Nf5 35. a4 Rb2 36. Re8+ Kg7 37. Qe5+ f6 38. Qxb2 Kf7 39. Rc8 Nd4 40.
Qxd4 f5 1-0

[Event "Early-Titled-Tuesday-Blitz-March-19-2024"]
[Site "Chess.com"]
[Date "2024.03.19"]
[Round "9"]
[White "JonasEilenberg"]
[Black "akanga001"]
[Result "1-0"]
[WhiteElo "2569"]
[BlackElo "2074"]
[TimeControl "180+1"]
[EndTime "9:44:49 PDT"]
[Termination "JonasEilenberg won by checkmate"]

1. e4 e6 2. b3 d5 3. Bb2 Nf6 4. e5 Nfd7 5. Nf3 c5 6. d3 Nc6 7. Nbd2 b5 8. g3 a5 9. Bg2 a4 10. O-O a3 11. Bc1 b4 12. Re1 Be7 13. Nf1 Qc7 14.
Qe2 O-O 15. h4 f6 16. exf6 Nxf6 17. Bf4 Bd6 18. Ne5 Nxe5 19. Bxe5 Bxe5 20. Qxe5 Qxe5 21.
Rxe5 Bd7 22. Nh2 Rac8 23. Rae1 c4 24. Bh3 cxb3 25. cxb3 Rc2 26. R1e2 Rb2 27. Nf3 Rc8 28. Nd4 Rc1+ 29. Kg2 Ra1 30. Re1 Raxa2 31. Nxe6 Rxf2+ 32. Kg1 Rab2 33. Nf4 Bxh3 34. Nxh3 Rg2+ 35. Kf1 Rxg3 36.
Ng5 g6 37. Re6 Kg7 38. Re7+ Kh6 39. R1e6 Kh5 40. Rxf6 Kxh4 41. Nf3+ Kg4 42. Ne5+ Kh3 43. Rxh7# 1-0

[Event "Early-Titled-Tuesday-Blitz-March-19-2024"]
[Site "Chess.com"]
[Date "2024.03.19"]
[Round "9"]
[White "campochess"]
[Black "visa"]
[Result "1-0"]
[WhiteElo "2195"]
[BlackElo "2296"]
[TimeControl "180+1"]
[EndTime "9:44:49 PDT"]
[Termination "campochess won on time"]

1. d4 Nf6 2. Bg5 e6 3. e3 c5 4. c3 Be7 5. Nf3 b6 6. Bb5 a6 7.
Bd3 Bb7 8. O-O h6 9. Bh4 d6 10. Nbd2 Nbd7 11. Re1 O-O 12. e4 Nh5 13. Bg3 Nxg3 14.
hxg3 Nf6 15. Qe2 Qc7 16. Rad1 Rfc8 17. e5 dxe5 18. Nxe5 cxd4 19. cxd4 Bd6 20. Ndc4 b5 21. Nxd6 Qxd6 22. Ng4 Nxg4 23. Qxg4 f5 24. Qe2 Bd5 25.
b3 b4 26. g4 f4 27. Bb1 Rc3 28. g5 f3 29. Qe5 Qxe5 30. Rxe5 fxg2 31. gxh6 gxh6 32. Be4 Bxe4 33. Rxe4 Rc2 34. Rxe6 Rf8 35. Rg6+ Kh7 36. Rxg2 Rxa2 37. d5 Rd8 38. d6 Rc2 39. Rg4 a5 40. Rgd4 Rc3 41. d7 Kg7 42. Re1 Kf6 43.
Re8 1-0

[Event "Early-Titled-Tuesday-Blitz-March-19-2024"]
[Site "Chess.com"]
[Date "2024.03.19"]
[Round "9"]
[White "MalyDominator"]
[Black "kingofthenil"]
[Result "0-1"]
[WhiteElo "2539"]
[BlackElo "2770"]
[TimeControl "180+1"]
[EndTime "9:44:51 PDT"]
[Termination "kingofthenil won by resignation"]

1. e4 c5 2. Nf3 Nc6 3. d4 cxd4 4.
Nxd4 d6 5. Nc3 Bd7 6. Be2 g6 7.
O-O Bg7 8. Be3 Nf6 9. Qd2 O-O 10. Rad1 Rc8 11. Nxc6 Bxc6 12. f3 a6 13. Nd5 Bxd5 14. exd5 Nd7 15. c4 Re8 16. b3 Nc5 17. f4 Ne4 18. Qc2 Nc3 19. Rd3 Nxe2+ 20. Qxe2 b5 21.
Rc1 bxc4 22. bxc4 Qa5 23. Rb3 Qa4 24. Qd3 e5 25. Ra3 Qb4 26. Rxa6 exf4 27. Bf2 Qb2 28. Qc2 Qe5 29. Rb6 Ra8 30. a4 h5 31. Rb5 Reb8 32.
c5 Qxd5 33. cxd6 Rxb5 34. axb5 Qxb5 35. Qe4 Ra4 36. Qc6 Qxc6 37. Rxc6 Ra1+ 38. Be1 Rxe1+ 39.
Kf2 Rd1 0-1

[Event "Early-Titled-Tuesday-Blitz-March-19-2024"]
[Site "Chess.com"]
[Date "2024.03.19"]
[Round "9"]
[White "JimDiGrease"]
[Black "SARGISMV"]
[Result "1-0"]
[WhiteElo "2968"]
[BlackElo "2511"]
[TimeControl "180+1"]
[EndTime "9:44:52 PDT"]
[Termination "JimDiGrease won by resignation"]

1. d4 Nf6 2. c4 c5 3. d5 e6 4. Bf4 exd5 5. cxd5 d6 6. e4 a6 7. Bd3 b5 8. Nf3 Nbd7 9. a4 c4 10. Bc2 b4 11. Nbd2 b3 12. Bb1 Qc7 13. Qc1 Ne5 14. Bxe5 dxe5 15. Qxc4 Qxc4 16. Nxc4 Bb4+ 17. Ke2 O-O 18.
Nfxe5 Re8 19. f3 Nxd5 20. exd5 f6 21. Be4 fxe5 22. Rhd1 a5 23. d6 Ba6 24. Rac1 Rad8 25.
Bc6 Rf8 26. d7 Rf6 27. Bb5 Bb7 28. Nxe5 g6 29. Rc7 Ba8 30. Rc8 Rff8 31. Rdc1 Kg7 32. Rxd8 Rxd8 33. Rc8 Be7 34. Rxd8 Bxd8 35. Bc6 Kf6 36.
f4 Bxc6 37. Nxc6 Ke6 38. Nxd8+ Kxd7 39. Nb7 Kc6 40. Nxa5+ Kc5 41. Nxb3+ Kb4 42. a5 Ka4 43. a6 Kb5 44. a7 Ka4 45. a8=Q+ 1-0

[Event "Early-Titled-Tuesday-Blitz-March-19-2024"]
[Site "Chess.com"]
[Date "2024.03.19"]
[Round "9"]
[White "kenta1234"]
[Black "Kunalm64"]
[Result "1-0"]
[WhiteElo "2804"]
[BlackElo "2627"]
[TimeControl "180+1"]
[EndTime "9:44:52 PDT"]
[Termination "kenta1234 won on time"]

1. d4 Nf6 2. c4 e6 3. Nc3 Bb4 4.
g3 c5 5. Nf3 O-O 6. d5 Ne4 7.
Bd2 Bxc3 8. Bxc3 Nxc3 9. bxc3 d6 10. Qc2 e5 11. Bg2 Nd7 12. e4 f5 13. exf5 Nb6 14.
g4 e4 15. Nd2 e3 16. fxe3 Qh4+ 17. Kd1 Bd7 18. h3 Qf2 19. Ne4 Qxe3 20. Re1 Qf4 21. Qd2 Qh2 22. Rh1 Qe5 23. Qd3 Ba4+ 24. Kc1 Bd7 25. Kb2 Na4+ 26. Ka3 b5 27. cxb5 a6 28.
b6 Nxb6 29. c4 Rab8 30. Rab1 Na4 31. Rxb8 Rxb8 32. Rb1 Rb2 33. Bf3 a5 34. Bd1 Rxb1 35. Qxb1 Nc3 36. Qb8+ Kf7 37. Nxd6+ Kf6 38. Qd8+ Qe7 39.
g5+ Kxg5 40. Qxe7+ 1-0

[Event "Early-Titled-Tuesday-Blitz-March-19-2024"]
[Site "Chess.com"]
[Date "2024.03.19"]
[Round "9"]
[White "wild3000"]
[Black "willcab71"]
[Result "1-0"]
[WhiteElo "2436"]
[BlackElo "2140"]
[TimeControl "180+1"]
[EndTime "9:44:52 PDT"]
[Termination "wild3000 won on time"]

1. e4 e6 2. Nc3 d5 3. d4 Bb4 4. e5 Ne7 5. Bd2 O-O 6. a3 Bxc3 7.
Bxc3 f6 8. Nf3 Nbc6 9. Bd3 h6 10. O-O fxe5 11. dxe5 Nf5 12. Re1 Bd7 13. b4 Nh4 14.
Nxh4 Qxh4 15. g3 Qh3 16. f4 Be8 17. Qe2 Bh5 18. Qg2 Qxg2+ 19. Kxg2 Ne7 20. Bd2 Bg6 21. b5 Bxd3 22. cxd3 h5 23. Rec1 c6 24. Bb4 Rf7 25. Bxe7 Rxe7 26. bxc6 bxc6 27. Rxc6 Rb8 28. Rac1 Rb3 29.
R1c3 Rb1 30. Ra6 Rb2+ 31. Kh3 Rd2 32. a4 Kf7 33. a5 Rb7 34. Kh4 Rxh2+ 35. Kg5 Rh3 36.
d4 g6 37. Rac6 Re7 38. a6 Rd7 39. Rd6 Re7 40. Rdc6 Kg7 41. g4 hxg4 42. Kxg4 Rxc3 43. Rxc3 Kf7 44. Kg5 Rd7 45. Rh3 Ke8 46. Kf6 1-0

[Event "Early-Titled-Tuesday-Blitz-March-19-2024"]
[Site "Chess.com"]
[Date "2024.03.19"]
[Round "9"]
[White "MKlose11"]
[Black "GoltsevDmitry2000"]
[Result "0-1"]
[WhiteElo "2603"]
[BlackElo "2762"]
[TimeControl "180+1"]
[EndTime "9:44:53 PDT"]
[Termination "GoltsevDmitry2000 won by resignation"]

1. e4 e6 2. d4 d5 3. Nc3 c5 4. exd5 exd5 5. Bb5+ Nc6 6. Nf3 Nf6 7. O-O Be7 8. dxc5 Bxc5 9. Re1+ Be6 10. Be3 Bxe3 11.
Rxe3 O-O 12. Nd4 Bd7 13. Be2 Qb6 14. Nxc6 bxc6 15. Na4 Qc7 16. Nc5 Rfe8 17. Rxe8+ Rxe8 18. Bf3 Qb6 19. Qd4 Bf5 20. Rc1 Qa5 21. b4 Qxa2 22. h3 Bxc2 23. Ra1 Qc4 24. Qxc4 dxc4 25. Bxc6 Re7 26.
Bb5 Bb3 27. Rc1 g6 28. Bxc4 Bxc4 29. Rxc4 Re2 30. Rf4 Nd5 31. Rd4 Nc3 32. Rd7 Ra2 33. Nd3 Ne4 34. f3 Ng3 35. Ne5 f5 36. f4 Ne2+ 37. Kf1 Nxf4 38. Nc6 a6 39. Ra7 Nxg2 40.
b5 Ne3+ 41. Kg1 Rg2+ 42. Kh1 axb5 43. Ne7+ Kf8 44. Nd5 Rg3 45. Kh2 Nf1+ 46. Kh1 Ne3 47. Nf6 Rxh3+ 48. Kg1 Ng4 49. Nd7+ Ke8 50. Nc5 Re3 51.
Rb7 h5 52. Kf1 h4 53. Kg1 h3 54. Rxb5 h2+ 55. Kg2 Re2+ 0-1

[Event "Early-Titled-Tuesday-Blitz-March-19-2024"]
[Site "Chess.com"]
[Date "2024.03.19"]
[Round "9"]
[White "GelmanAlexander"]
[Black "koncheto"]
[Result "0-1"]
[WhiteElo "2673"]
[BlackElo "2519"]
[TimeControl "180+1"]
[EndTime "9:44:54 PDT"]
[Termination "koncheto won by checkmate"]

1. d4 Nf6 2. Nc3 d5 3. Bf4 a6 4. e3 Bf5 5. f3 h5 6. Nh3 e6 7. Ng5 c5 8. Qd2 Nc6 9. O-O-O Bd6 10. dxc5 Bxc5 11. Be2 Rc8 12. e4 dxe4 13. Qe1 Qa5 14. fxe4 Bg6 15. e5 Nd5 16. Nxd5 Qxa2 17. Nc3 Qa1+ 18.
Nb1 Nb4 19. Bc4 b5 20. Bb3 Na2+ 21. Kd2 Bb4+ 22. Nc3 Qxb2 23. Bxa2 Bxc3+ 24. Ke3 Bxe1 25. Rhxe1 Qxa2 26. Rd6 Qa3+ 27. Kf2 Rxc2+ 28. Kg1 Qc5+ 29. Kh1 O-O 30. h3 Bf5 31. Red1 Qf2 32. Bh2 Qxg2# 0-1

[Event "Early-Titled-Tuesday-Blitz-March-19-2024"]
[Site "Chess.com"]
[Date "2024.03.19"]
[Round "9"]
[White "XDPS"]
[Black "Polish_fighter3000"]
[Result "0-1"]
[WhiteElo "2908"]
[BlackElo "3150"]
[TimeControl "180+1"]
[EndTime "9:44:57 PDT"]
[Termination "Polish_fighter3000 won on time"]

1. d4 Nf6 2. Bf4 e6 3. e3 Bd6 4.
Nf3 Bxf4 5. exf4 b6 6. Bd3 Bb7 7. O-O O-O 8. Re1 d6 9. c3 Nbd7 10. Nbd2 Re8 11. Qc2 a6 12. h3 h6 13. Re2 c5 14. Rae1 Qc7 15. f5 Bxf3 16. Nxf3 e5 17.
dxe5 dxe5 18. Nd2 b5 19. b3 Rad8 20. Re3 Nd5 21. Rg3 N7f6 22. Bf1 Kf8 23. a4 b4 24. cxb4 Nxb4 25. Qb2 e4 26. Rge3 Qf4 27. Nc4 Qxf5 28. Qc1 Nfd5 29. Rg3 Nd3 30. Bxd3 exd3 31. Rxe8+ Rxe8 32. Nd6 Nf4 33. Qd2 Ne2+ 34. Kh2 Qxf2 0-1

[Event "Early-Titled-Tuesday-Blitz-March-19-2024"]
[Site "Chess.com"]
[Date "2024.03.19"]
[Round "9"]
[White "Matrix3x3a"]
[Black "Seochesspie"]
[Result "1/2-1/2"]
[WhiteElo "2657"]
[BlackElo "2876"]
[TimeControl "180+1"]
[EndTime "9:44:57 PDT"]
[Termination "Game drawn by repetition"]

1. d4 Nf6 2. c4 e6 3. Nf3 b6 4. g3 Ba6 5. b3 Bb4+ 6. Bd2 Be7 7.
Bg2 d5 8. cxd5 exd5 9. O-O O-O 10. Nc3 Nbd7 11. Bf4 Bb7 12. Nb5 Ne8 13. Rc1 c6 14. Nc3 Nef6 15. Ne5 Nxe5 16. dxe5 Ne8 17. h4 Nc7 18. e3 Ne6 19. Ne2 Qd7 20. Bh3 c5 21. Qd2 Qc7 22. Rfd1 Rad8 23. Bg2 d4 24. exd4 Bxg2 25.
Kxg2 Nxd4 26. Nxd4 Qb7+ 27. Kg1 Rxd4 28. Qe2 Rfd8 29.
Be3 R4d5 30. Rxd5 Qxd5 31. Bf4 h6 32. Re1 Qe6 33. h5 Qd5 34. Kh2 Kh7 35. Qe4+ Qxe4 36. Rxe4 Kg8 37. Kg2 Rd3 38. Re2 Kf8 39. Rd2 Rxd2 40.
Bxd2 Ke8 41. Kf3 Kd7 42. Ke4 Ke6 43. f4 f5+ 44. exf6 Bxf6 45. g4 b5 46. Be3 Kd6 47. g5 hxg5 48. fxg5 Bb2 49. Bf4+ Ke6 50. Be3 Kd6 51.
Bf4+ Ke6 52. Be3 Kd6 1/2-1/2

[Event "Early-Titled-Tuesday-Blitz-March-19-2024"]
[Site "Chess.com"]
[Date "2024.03.19"]
[Round "9"]
[White "Roedor"]
[Black "JaackCamel"]
[Result "1-0"]
[WhiteElo "2313"]
[BlackElo "2204"]
[TimeControl "180+1"]
[EndTime "9:44:57 PDT"]
[Termination "Roedor won on time"]

1. c4 e6 2. g3 d5 3. Bg2 c6 4. d4 dxc4 5. Nf3 b5 6. O-O Bb7 7.
Nc3 Nd7 8. Ne5 Qc8 9. Ne4 Ngf6 10. Nxf7 Kxf7 11. Ng5+ Ke7 12. Bh3 Nb6 13. Bxe6 Nbd7 14. Bh3 h6 15. Nf3 c5 16. Ne5 Be4 17. f3 Bh7 18. a4 a6 19. d5 Qb7 20. Nc6+ Kf7 21.
e4 Bd6 22. Be6+ Kf8 23. Bf4 Bxf4 24. gxf4 Nb6 25. axb5 axb5 26. Rxa8+ Qxa8 27. e5 Ne8 28. f5 Bg8 29. Qd2 Bxe6 30. fxe6 Nc7 31. Qf4+ Kg8 32. Qf7+ Kh7 33. Qxc7 Nxd5 34. Qd6 Nf4 35. e7 1-0

[Event "Early-Titled-Tuesday-Blitz-March-19-2024"]
[Site "Chess.com"]
[Date "2024.03.19"]
[Round "9"]
[White "Flaccidmoves"]
[Black "axvesik"]
[Result "0-1"]
[WhiteElo "2434"]
[BlackElo "2568"]
[TimeControl "180+1"]
[EndTime "9:44:58 PDT"]
[Termination "axvesik won on time"]

1. Nf3 Nf6 2. b3 g6 3. Bb2 Bg7 4. g3 O-O 5. Bg2 c5 6. O-O Nc6 7. c4 d5 8. cxd5 Nxd5 9. Bxg7 Kxg7 10.
Qc1 b6 11. Nc3 Nc7 12. Qb2 e5 13. Ne4 Qe7 14. d3 Bd7 15. a3 Rae8 16. Rac1 f5 17.
Ned2 Nb5 18. Nc4 Kg8 19. Nfd2 Nbd4 20. Rfe1 b5 21. Ne3 f4 22. Nd5 Qd6 23. Ne4 Qe6 24.
Nc7 Qf7 25. Nxe8 Rxe8 26. Nd6 Qe6 27. Nxe8 Qxe8 28. Rxc5 Qf8 29. Rec1 f3 30. exf3 Nxf3+ 31. Kh1 Ncd4 32. Rc7 Qf5 33. Qc3 Qh5 34. Rc8+ Kg7 35. h3 Bxh3 0-1

[Event "Early-Titled-Tuesday-Blitz-March-19-2024"]
[Site "Chess.com"]
[Date "2024.03.19"]
[Round "9"]
[White "missponyo10"]
[Black "hell3raiser"]
[Result "1-0"]
[WhiteElo "2251"]
[BlackElo "2327"]
[TimeControl "180+1"]
[EndTime "9:44:58 PDT"]
[Termination "missponyo10 won by resignation"]

1. e4 e5 2. Nf3 Nc6 3. Nc3 Nf6 4.
d4 exd4 5. Nxd4 Bb4 6. Nxc6 bxc6 7. Bd3 O-O 8. O-O d5 9. exd5 cxd5 10. h3 c6 11. Qf3 h6 12. Ne2 Bd6 13. Bf4 Bb7 14.
Ng3 Bxf4 15. Qxf4 Qb8 16. Qf3 c5 17. Nf5 d4 18. Nxh6+ Kh8 19. Qf5 c4 20. Bxc4 Be4 21. Qg5 Nh7 22. Qh4 gxh6 23. Qxe4 f5 24. Qxd4+ Nf6 25.
Rfe1 Qd8 26. Qc3 Rc8 27. Rad1 Qc7 28. b3 Kh7 29. Re6 Ne4 30. Qb4 Kh8 31. Rxh6+ Kg7 32. Re6 Qf4 33. Qe7+ Rf7 34. Qxf7+ Kxf7 35. Rxe4+ Rxc4 36. Rxf4 Rxf4 37. Rd7+ Ke6 38. Rxa7 Rd4 39. c4 f4 40. Kh2 Rd2 41. f3 Rc2 42. Ra4 Ke5 43. Ra5+ Kd4 44. c5 Ke3 45. b4 Kf2 46. h4 Kf1 47. h5 Rxg2+ 48. Kh3 Rg3+ 49. Kh4 Rxf3 50. h6 Rf2 51. c6 Rh2+ 52. Kg4 Rxh6 53. c7 Rh8 54.
Rc5 1-0